SNL (28 & UNDER)
WICHITA WRANGLERS @ MONTGOMERY BISCUITS
09/14/2025
 
TOP OF THE 1ST
Wichita Wranglers batting - Pitching for Montgomery Biscuits : LHP Jorge Estrada
Pitching: LHP Jorge Estrada
Batting: RHB Tom Howe 0-0: Called Strike
0-1: Reached on error, E2 (Groundball, 23)
Batting: RHB Don Thomas 0-0: Called Strike
0-1: Swinging Strike
0-2: Ball
1-2: Ball
2-2: Strikes out swinging
Batting: RHB Ed Watkins 0-0: Called Strike
0-1: Ball
1-1: Called Strike
1-2: Ball
2-2: Ground out 5-3 (Groundball, 5L)
Batting: SHB Javier Peña 0-0: Ball
1-0: Ground out 4-3 (Groundball, 4)
Top of the 1st over - 0 run(s), 0 hit(s), 1 error(s), 1 left on base; Wichita 0 - Montgomery 0
BOTTOM OF THE 1ST
Montgomery Biscuits batting - Pitching for Wichita Wranglers : RHP Dae-ho Kim
Pitching: RHP Dae-ho Kim
Batting: RHB Carlos Vásquez 0-0: Ball
1-0: Fly out, F4 (Popup, 4MD)
Batting: SHB Jack Estes 0-0: Foul Ball, location: 2F
0-1: Ball
1-1: Ball
2-1: Ball
3-1: Swinging Strike
3-2: Foul Ball, location: 2F
3-2: Strikes out looking
Batting: RHB Yujiro Kurihara 0-0: Foul Ball, location: 2F
0-1: Ball
1-1: Fly out, F3 (Popup, 3SF)
Bottom of the 1st over - 0 run(s), 0 hit(s), 0 error(s), 0 left on base; Wichita 0 - Montgomery 0
TOP OF THE 2ND
Wichita Wranglers batting - Pitching for Montgomery Biscuits : LHP Jorge Estrada
Batting: RHB Desi Thompson 0-0: Called Strike
0-1: Ball
1-1: Foul Ball, location: 2F
1-2: Foul Ball, location: 2F
1-2: SINGLE (Groundball, 4D)
Batting: LHB Alfredo Sánchez 0-0: Ball
1-0: Called Strike
1-1: Ball
2-1: Called Strike
2-2: Ball
3-2: Strikes out swinging
Batting: RHB Doug Delaney 0-0: Swinging Strike
0-1: Called Strike
Desi Thompson steals 2nd base
0-2: Ground out 4-3 (Groundball, 4)
Desi Thompson to third
Batting: RHB Werner Watkins 0-0: Ball
1-0: Called Strike
1-1: Called Strike
1-2: Foul Ball, location: 2F
1-2: Strikes out swinging
Top of the 2nd over - 0 run(s), 1 hit(s), 0 error(s), 1 left on base; Wichita 0 - Montgomery 0
BOTTOM OF THE 2ND
Montgomery Biscuits batting - Pitching for Wichita Wranglers : RHP Dae-ho Kim
Batting: RHB Pete Smith 0-0: Called Strike
0-1: Swinging Strike
0-2: Ball
1-2: Ground out 3-1 (Groundball, 3L)
Batting: RHB Juan Díaz 0-0: Foul Ball, location: 2F
0-1: Swinging Strike
0-2: Strikes out swinging
Batting: LHB Curt Walker 0-0: Ball
1-0: Foul Ball, location: 2F
1-1: Fly out, F7 (Flyball, 7LMF)
Bottom of the 2nd over - 0 run(s), 0 hit(s), 0 error(s), 0 left on base; Wichita 0 - Montgomery 0
TOP OF THE 3RD
Wichita Wranglers batting - Pitching for Montgomery Biscuits : LHP Jorge Estrada
Batting: RHB Dave Henderson 0-0: Ball
1-0: Ball
2-0: DOUBLE (Flyball, 89D)
Batting: RHB Tom Howe 0-0: Ball
1-0: Foul Ball, location: 2F
1-1: Swinging Strike
1-2: Foul Ball, location: 2F
1-2: Ball
2-2: Strikes out swinging
Batting: RHB Don Thomas 0-0: SINGLE (Line Drive, 7LS)
Dave Henderson to third
Batting: RHB Ed Watkins 0-0: Foul Ball, location: 2F
0-1: Foul Ball, location: 2F
0-2: Foul Ball, location: 2F
0-2: Ball
1-2: Fly out, F4 (Line Drive, 4)
Batting: SHB Javier Peña 0-0: Called Strike
0-1: Foul Ball, location: 2F
0-2: Strikes out swinging
Top of the 3rd over - 0 run(s), 2 hit(s), 0 error(s), 2 left on base; Wichita 0 - Montgomery 0
BOTTOM OF THE 3RD
Montgomery Biscuits batting - Pitching for Wichita Wranglers : RHP Dae-ho Kim
Batting: RHB Peyton Yardley 0-0: Ground out 6-3 (Groundball, 6M)
Batting: RHB Warren Martin 0-0: Called Strike
0-1: Called Strike
0-2: Foul Ball, location: 2F
0-2: SINGLE (Groundball, 56D)
Batting: LHB António Fernández 0-0: Ball
Warren Martin is caught stealing 2nd base
1-0: Foul Ball, location: 2F
1-1: Fly out, F6 (Popup, 56D)
Bottom of the 3rd over - 0 run(s), 1 hit(s), 0 error(s), 0 left on base; Wichita 0 - Montgomery 0
TOP OF THE 4TH
Wichita Wranglers batting - Pitching for Montgomery Biscuits : LHP Jorge Estrada
Batting: RHB Desi Thompson 0-0: Fly out, F7 (Flyball, 7M)
Batting: LHB Alfredo Sánchez 0-0: SINGLE (Groundball, 13) (infield hit)
Batting: RHB Doug Delaney 0-0: Ball
1-0: Foul Ball, location: 2F
1-1: Foul Ball, location: 2F
1-2: Ball
2-2: Ball
3-2: SINGLE (Groundball, 6MD)
Alfredo Sánchez to second
Runner from 2nd tries for 3rd, SAFE, throw made to third
Batting: RHB Werner Watkins 0-0: Ball
1-0: Fielders Choice at 2nd, 5-4 (Groundball, 56)
Alfredo Sánchez scores
Batting: RHB Dave Henderson 0-0: Swinging Strike
0-1: Ball
1-1: Ball
2-1: SINGLE (Line Drive, 4MD)
Werner Watkins to second
Batting: RHB Tom Howe 0-0: Fielders Choice at 2nd, U6 (Groundball, 6M)
Top of the 4th over - 1 run(s), 3 hit(s), 0 error(s), 2 left on base; Wichita 1 - Montgomery 0
BOTTOM OF THE 4TH
Montgomery Biscuits batting - Pitching for Wichita Wranglers : RHP Dae-ho Kim
Batting: RHB Carlos Vásquez 0-0: Ball
1-0: Ball
2-0: Ball
3-0: Called Strike
3-1: Foul Ball, location: 2F
3-2: Base on Balls
Batting: SHB Jack Estes 0-0: Ball
1-0: Ball
2-0: Foul Ball, location: 2F
2-1: Foul Ball, location: 2F
2-2: Strikes out swinging
Batting: RHB Yujiro Kurihara 0-0: Called Strike
0-1: Called Strike
0-2: Foul Ball, location: 2F
0-2: SINGLE (Groundball, 2R) (infield hit)
Carlos Vásquez to second
Batting: RHB Pete Smith 0-0: Called Strike
0-1: Called Strike
0-2: Ball
1-2: Fly out, F4 (Line Drive, 4)
Batting: RHB Juan Díaz 0-0: Ball
1-0: Ball
2-0: Foul Ball, location: 2F
2-1: Called Strike
2-2: Foul Ball, location: 2F
2-2: SINGLE (Line Drive, 34)
Carlos Vásquez to third
Yujiro Kurihara to second
Runner from 3rd tries for Home, SAFE, no throw or cutoff
Batting: LHB Curt Walker 0-0: Ball
1-0: Ball
2-0: Called Strike
2-1: Called Strike
2-2: Fielders Choice at 2nd, 5-4 (Groundball, 56)
Bottom of the 4th over - 1 run(s), 2 hit(s), 0 error(s), 1 left on base; Wichita 1 - Montgomery 1
TOP OF THE 5TH
Wichita Wranglers batting - Pitching for Montgomery Biscuits : LHP Jorge Estrada
Batting: RHB Don Thomas 0-0: DOUBLE (Flyball, 8LXD)
Batting: RHB Ed Watkins 0-0: Ball
1-0: Foul Ball, location: 2F
1-1: Fly out, F9 (Flyball, 9LM)
Batting: SHB Javier Peña 0-0: Foul Ball, location: 2F
0-1: Ball
1-1: Called Strike
1-2: Strikes out swinging
Batting: RHB Desi Thompson 0-0: Ball
1-0: Called Strike
1-1: Ball
2-1: Called Strike
2-2: Ground out 6-3 (Groundball, 56)
Top of the 5th over - 0 run(s), 1 hit(s), 0 error(s), 1 left on base; Wichita 1 - Montgomery 1
BOTTOM OF THE 5TH
Montgomery Biscuits batting - Pitching for Wichita Wranglers : RHP Dae-ho Kim
Batting: RHB Peyton Yardley 0-0: Called Strike
0-1: Foul Ball, location: 2F
0-2: Strikes out swinging
Batting: RHB Warren Martin 0-0: Called Strike
0-1: Ball
1-1: Ball
2-1: Fly out, F9 (Flyball, 9S)
Batting: LHB António Fernández 0-0: Ball
1-0: Ball
2-0: Swinging Strike
2-1: Foul Ball, location: 2F
2-2: Ball
3-2: Base on Balls
Batting: RHB Carlos Vásquez 0-0: SINGLE (Groundball, 56D)
António Fernández to second
Batting: SHB Jack Estes 0-0: Ball
1-0: Foul Ball, location: 2F
1-1: Foul Ball, location: 2F
1-2: SINGLE (Line Drive, 78S)
António Fernández to third
Carlos Vásquez to second
Throwing error, E7
António Fernández scores
Carlos Vásquez to third
Jack Estes to second
Batting: RHB Yujiro Kurihara 0-0: Called Strike
0-1: Ball
1-1: Ball
2-1: SINGLE (Groundball, 25) (infield hit)
Carlos Vásquez scores
Jack Estes to third
Batting: RHB Pete Smith 0-0: Called Strike
0-1: Ball
1-1: Ball
2-1: Foul Ball, location: 2F
2-2: Strikes out swinging
Bottom of the 5th over - 2 run(s), 3 hit(s), 1 error(s), 2 left on base; Wichita 1 - Montgomery 3
TOP OF THE 6TH
Wichita Wranglers batting - Pitching for Montgomery Biscuits : LHP Jorge Estrada
Batting: LHB Alfredo Sánchez 0-0: DOUBLE (Line Drive, 7LM)
Batting: RHB Doug Delaney 0-0: Ball
1-0: Ball
2-0: Ball
3-0: Called Strike
3-1: Base on Balls
Batting: RHB Werner Watkins 0-0: Ball
1-0: Ball
2-0: Foul Ball, location: 2F
2-1: Swinging Strike
2-2: Foul Ball, location: 2F
2-2: Foul Ball, location: 2F
2-2: Grounds into double play, 1-4-3 (Groundball, 15S)
Alfredo Sánchez to third
Batting: RHB Dave Henderson 0-0: Ball
1-0: Ball
2-0: Swinging Strike
2-1: Foul Ball, location: 2F
2-2: Ball
3-2: Strikes out swinging
Top of the 6th over - 0 run(s), 1 hit(s), 0 error(s), 1 left on base; Wichita 1 - Montgomery 3
BOTTOM OF THE 6TH
Montgomery Biscuits batting - Pitching for Wichita Wranglers : RHP Dae-ho Kim
Batting: RHB Juan Díaz 0-0: Ball
1-0: DOUBLE (Line Drive, 8LD)
Batting: LHB Curt Walker 0-0: Ball
1-0: Ball
2-0: Ball
3-0: Called Strike
3-1: Base on Balls
Pitching: RHP Tom Long
Batting: RHB Peyton Yardley 0-0: Ball
1-0: Foul Ball, location: 2F
1-1: Ball
2-1: Fly out, F7 (Popup, 78S)
Batting: RHB Warren Martin 0-0: Called Strike
0-1: Ball
1-1: Ball
2-1: Ball
3-1: Base on Balls
Juan Díaz to third
Curt Walker to second
Batting: LHB António Fernández 0-0: Ball
1-0: Ball
2-0: Foul Ball, location: 2F
2-1: Ball
3-1: Foul Ball, location: 2F
3-2: Base on Balls
Juan Díaz scores
Curt Walker to third
Warren Martin to second
Batting: RHB Carlos Vásquez 0-0: Ball
1-0: Fly out, F7 (Flyball, 7M)
Runner from 3rd tags up, SCORES, no throw
Batting: SHB Jack Estes 0-0: SINGLE (Line Drive, 56D)
Warren Martin to third
António Fernández to second
Runner from 3rd tries for Home, SAFE, no throw or cutoff
Batting: RHB Yujiro Kurihara 0-0: SINGLE (Groundball, 3S) (infield hit)
António Fernández to third
Jack Estes to second
Batting: RHB Pete Smith 0-0: Ball
1-0: Foul Ball, location: 2F
1-1: SINGLE (Groundball, 4MD)
António Fernández scores
Jack Estes to third
Yujiro Kurihara to second
Runner from 3rd tries for Home, SAFE, throw made home
Batting: RHB Juan Díaz 0-0: Called Strike
0-1: Swinging Strike
0-2: Ball
1-2: Strikes out looking
Bottom of the 6th over - 5 run(s), 4 hit(s), 0 error(s), 2 left on base; Wichita 1 - Montgomery 8
TOP OF THE 7TH
Wichita Wranglers batting - Pitching for Montgomery Biscuits : LHP Jorge Estrada
Pitching: LHP Trevor Nichols
Batting: RHB Tom Howe 0-0: SINGLE (Flyball, 6MD)
Batting: RHB Don Thomas 0-0: Ball
1-0: Called Strike
Tom Howe steals 2nd base
1-1: Foul Ball, location: 2F
1-2: Foul Ball, location: 2F
1-2: Foul Ball, location: 2F
1-2: Foul Ball, location: 2F
1-2: Ball
2-2: Ball
3-2: Ground out 6-3 (Groundball, 6M)
Tom Howe to third
Batting: RHB Ed Watkins 0-0: Swinging Strike
0-1: Foul Ball, location: 2F
0-2: Foul Ball, location: 2F
0-2: Ball
1-2: Strikes out swinging
Batting: SHB Javier Peña 0-0: Ball
1-0: Called Strike
1-1: Fly out, F8 (Flyball, 8RXD)
Top of the 7th over - 0 run(s), 1 hit(s), 0 error(s), 1 left on base; Wichita 1 - Montgomery 8
BOTTOM OF THE 7TH
Montgomery Biscuits batting - Pitching for Wichita Wranglers : RHP Tom Long
Batting: LHB Curt Walker 0-0: Called Strike
0-1: Ball
1-1: Ball
2-1: Ball
3-1: TRIPLE (Groundball, 3L)
Batting: RHB Peyton Yardley 0-0: Fly out, F8 (Flyball, 8RXD)
Runner from 3rd tags up, SCORES, no throw
Pitching: RHP Earnest Bernhardt
Batting: RHB Warren Martin 0-0: SINGLE (Groundball, 25) (infield hit)
Batting: LHB António Fernández 0-0: Ball
1-0: Called Strike
1-1: Grounds into double play, 3-6-1 (Groundball, 3)
Bottom of the 7th over - 1 run(s), 2 hit(s), 0 error(s), 0 left on base; Wichita 1 - Montgomery 9
TOP OF THE 8TH
Wichita Wranglers batting - Pitching for Montgomery Biscuits : LHP Trevor Nichols
Batting: RHB Desi Thompson 0-0: SINGLE (Line Drive, 7S)
Batting: LHB Alfredo Sánchez 0-0: Ball
1-0: Swinging Strike
1-1: Swinging Strike
1-2: Strikes out swinging
Batting: RHB Doug Delaney 0-0: Ball
1-0: Ball
2-0: Called Strike
2-1: Foul Ball, location: 2F
2-2: Strikes out swinging
Batting: RHB Werner Watkins 0-0: Called Strike
0-1: Ball
1-1: Ball
2-1: Ball
3-1: Base on Balls
Desi Thompson to second
Batting: RHB Dave Henderson 0-0: Called Strike
0-1: Foul Ball, location: 2F
0-2: Strikes out swinging
Top of the 8th over - 0 run(s), 1 hit(s), 0 error(s), 2 left on base; Wichita 1 - Montgomery 9
BOTTOM OF THE 8TH
Montgomery Biscuits batting - Pitching for Wichita Wranglers : RHP Earnest Bernhardt
Batting: RHB Carlos Vásquez 0-0: Called Strike
0-1: Ball
1-1: Ball
2-1: Called Strike
2-2: Foul Ball, location: 2F
2-2: Ball
3-2: Fly out, F5 (Popup, 25)
Batting: SHB Jack Estes 0-0: Ball
1-0: SINGLE (Line Drive, 9LS)
Pitching: LHP Jeff Jackson
Batting: RHB Yujiro Kurihara 0-0: Ball
1-0: Called Strike
1-1: Ball
2-1: SINGLE (Groundball, 56D)
Jack Estes to second
Batting: RHB Pete Smith 0-0: Called Strike
0-1: Reached on error, E4 (Groundball, 34)
Jack Estes to third
Yujiro Kurihara to second
Batting: RHB Juan Díaz 0-0: Ball
1-0: Foul Ball, location: 2F
1-1: Foul Ball, location: 2F
1-2: Foul Ball, location: 2F
1-2: Strikes out swinging
Batting: LHB Curt Walker 0-0: Ball
1-0: Fly out, F8 (Flyball, 8LM)
Bottom of the 8th over - 0 run(s), 2 hit(s), 1 error(s), 3 left on base; Wichita 1 - Montgomery 9
TOP OF THE 9TH
Wichita Wranglers batting - Pitching for Montgomery Biscuits : LHP Trevor Nichols
Now at 2B: Dave Williams
Batting: RHB Tom Howe 0-0: Ball
1-0: Called Strike
1-1: SINGLE (Groundball, 6D)
Batting: RHB Don Thomas 0-0: Swinging Strike
0-1: SINGLE (Line Drive, 78S)
Tom Howe to second
Batting: RHB Ed Watkins 0-0: Ball
1-0: Ball
2-0: Fly out, F3 (Popup, 23F)
Batting: SHB Javier Peña 0-0: Fly out, F6 (Popup, 5DF)
Batting: RHB Desi Thompson 0-0: Ball
1-0: Ball
2-0: Fly out, F3 (Popup, 3DF)
Top of the 9th over - 0 run(s), 2 hit(s), 0 error(s), 2 left on base; Wichita 1 - Montgomery 9
This league is powered by Out of the Park Baseball, the baseball management simulation game for PC, Mac and Linux
Tuesday, August 2nd, 2016 - OOTP Baseball 16.8 Build 38